[Event "*** Titled Tuesday Blitz"]
[Site "Chess.com"]
[Date "2020.12.29"]
[Round "5"]
[White "RobPeresian"]
[Black "pavelalexandru07"]
[Result "1-0"]
[WhiteElo "2446"]
[BlackElo "2276"]
[TimeControl "180+1"]
[EndTime "10:53:03 PST"]
[Termination "RobPeresian won by resignation"]

1. Nf3 g6 2. c4 Bg7 3. d4 Nf6 4. Nc3 O-O 5. e4 d6 6. h3 c5 7.
d5 e6 8. Bd3 exd5 9. exd5 Re8+ 10. Kf1 Nfd7 11. g4 Ne5 12. Nxe5 Bxe5 13. Kg2 Nd7 14.
Be3 Nf6 15. Qd2 h5 16. f3 h4 17. Bg5 Bg3 18. Ne2 Be5 19. Bxh4 Ne4 20. Bxd8 Nxd2 21. Bg5 Bxb2 22. Rad1 Nxc4 23. Bxc4 a6 24. Rd2 Bg7 25.
Ng3 b5 26. Bb3 c4 27. Bc2 Bb7 28. Ne4 Rf8 29. Nxd6 1-0

[Event "*** Titled Tuesday Blitz"]
[Site "Chess.com"]
[Date "2020.12.29"]
[Round "5"]
[White "Kildepiotr"]
[Black "szefru"]
[Result "1-0"]
[WhiteElo "2612"]
[BlackElo "2196"]
[TimeControl "180+1"]
[EndTime "10:53:03 PST"]
[Termination "Kildepiotr won by resignation"]

1. Nf3 d5 2. g3 Nf6 3. Bg2 c6 4. O-O Bf5 5. d3 Nbd7 6. Nbd2 e6 7. Qe1 h5 8. e4 Bh7 9. Ng5 Bg6 10. h3 Be7 11. e5 Nh7 12. Nxh7 Rxh7 13. f4 Bf5 14. Nf3 Qb6+ 15. Kh2 O-O-O 16. a3 Bg4 17. b4 Rdh8 18. Be3 Qd8 19. a4 h4 20. hxg4 hxg3+ 21. Kg1 Rh3 22. Bxh3 Rxh3 23. Kg2 Qh8 24. Rh1 Rh2+ 25. Nxh2 gxh2 26.
Rxh2 Qf8 27. Qh1 Qd8 28. Rh8 Nf8 29. Qg1 d4 30. Bxd4 Qd5+ 31. Kg3 Kd7 32. Rxf8 Bxf8 33. Bc5 Bxc5 34. Qxc5 1-0

[Event "*** Titled Tuesday Blitz"]
[Site "Chess.com"]
[Date "2020.12.29"]
[Round "5"]
[White "PSvidler"]
[Black "biostatistician"]
[Result "1-0"]
[WhiteElo "2827"]
[BlackElo "2604"]
[TimeControl "180+1"]
[EndTime "10:53:04 PST"]
[Termination "PSvidler won by checkmate"]

1. e4 e6 2. d4 d5 3. Nd2 Nc6 4. Ngf3 Nf6 5. e5 Ne4 6. c3 f5 7. exf6 Nxf6 8. Bd3 Bd6 9. O-O O-O 10. Re1 Qe8 11. Nf1 Qh5 12. Ng3 Bxg3 13. fxg3 Bd7 14. Bf4 Rac8 15. h3 Qe8 16. Qc2 h6 17. Bg6 Qd8 18. Re2 Ne7 19. Bd3 c5 20. dxc5 Rxc5 21. Rae1 a6 22. Nd4 Nc6 23. Qb3 Nxd4 24. cxd4 Ra5 25.
Qxb7 Rxa2 26. Bd6 Re8 27. Bg6 Qa5 28. Bxe8 Bxe8 29. Be5 Ne4 30. Qxg7# 1-0

[Event "*** Titled Tuesday Blitz"]
[Site "Chess.com"]
[Date "2020.12.29"]
[Round "5"]
[White "OparinGrigoriy"]
[Black "Harry_Rakkel"]
[Result "1-0"]
[WhiteElo "2969"]
[BlackElo "2640"]
[TimeControl "180+1"]
[EndTime "10:53:05 PST"]
[Termination "OparinGrigoriy won by checkmate"]

1. c4 b6 2. Nf3 Bb7 3. g3 c5 4.
Bg2 g6 5. d4 cxd4 6. Qxd4 Nf6 7. O-O Bg7 8. Nc3 d6 9. Rd1 Nbd7 10. Be3 O-O 11. Qh4 Re8 12. Rac1 Rc8 13. b3 Qc7 14. g4 Qb8 15. g5 Nh5 16. Bh3 Bxf3 17. exf3 Ne5 18. Bg4 Qb7 19. Qh3 f5 20. gxf6 Nxf6 21.
Be6+ Kh8 22. Nd5 Nxd5 23. Bxc8 Rxc8 24. cxd5 Rf8 25. f4 Nd7 26. b4 Nf6 27. Qe6 Nh5 28.
b5 Bf6 29. Rc4 a6 30. Rdc1 axb5 31. Rc8 Rxc8 32. Rxc8+ Kg7 33. Rg8+ Kh6 34. f5+ Bg5 35.
Rxg6+ hxg6 36. Qxg6# 1-0

[Event "*** Titled Tuesday Blitz"]
[Site "Chess.com"]
[Date "2020.12.29"]
[Round "5"]
[White "Grammnik"]
[Black "Nuvas"]
[Result "1-0"]
[WhiteElo "2329"]
[BlackElo "2485"]
[TimeControl "180+1"]
[EndTime "10:53:06 PST"]
[Termination "Grammnik won by resignation"]

1. d4 Nf6 2. c4 g6 3. Nc3 d5 4.
cxd5 Nxd5 5. e4 Nxc3 6. bxc3 Bg7 7. Nf3 c5 8. Rb1 O-O 9. Be2 Qa5 10. O-O Rd8 11.
Rb5 Qxa2 12. Rxc5 b6 13. Rc7 Na6 14. Bc4 Qa5 15. Rxe7 Rd7 16. Re8+ Bf8 17. Ne5 Rc7 18. Qf3 Bb7 19. Bxf7+ Kg7 20. Bg5 1-0

[Event "*** Titled Tuesday Blitz"]
[Site "Chess.com"]
[Date "2020.12.29"]
[Round "5"]
[White "Kale36"]
[Black "juli2512"]
[Result "0-1"]
[WhiteElo "2269"]
[BlackElo "2107"]
[TimeControl "180+1"]
[EndTime "10:53:08 PST"]
[Termination "juli2512 won by resignation"]

1. d4 f5 2. c4 Nf6 3. Nc3 g6 4. h4 Bg7 5. h5 Nxh5 6. Rxh5 gxh5 7. e4 O-O 8. e5 d6 9. f4 Qe8 10. Be3 a6 11. Be2 h4 12. Bh5 Qd8 13. Nf3 e6 14. Qe2 dxe5 15. fxe5 c5 16. O-O-O Qa5 17. d5 b5 18. Bxc5 b4 19. Bxf8 Bxf8 20. Nb1 Bh6+ 21. Nfd2 Qxa2 22. dxe6 Bxe6 23. Qf2 Qxc4+ 24. Nc3 bxc3 0-1

[Event "*** Titled Tuesday Blitz"]
[Site "Chess.com"]
[Date "2020.12.29"]
[Round "5"]
[White "grandcoach"]
[Black "Galileo22"]
[Result "0-1"]
[WhiteElo "2118"]
[BlackElo "2353"]
[TimeControl "180+1"]
[EndTime "10:53:14 PST"]
[Termination "Galileo22 won by resignation"]

1. e4 e5 2. Nf3 Nf6 3. d4 Nxe4 4. dxe5 d5 5. Nbd2 Nc5 6. Nb3 Ne6 7. Bd3 c5 8. c4 Nc6 9. cxd5 Qxd5 10. O-O c4 11.
Bxc4 Qxc4 12. Bg5 h6 13. Rc1 Qg4 14. h3 Qa4 15. Bh4 g5 16. Bg3 Bd7 17. Nfd2 Be7 18. Ne4 Qxe4 19. Nc5 0-1

[Event "*** Titled Tuesday Blitz"]
[Site "Chess.com"]
[Date "2020.12.29"]
[Round "5"]
[White "jcibarra"]
[Black "Iball95"]
[Result "1-0"]
[WhiteElo "2878"]
[BlackElo "2612"]
[TimeControl "180+1"]
[EndTime "10:53:15 PST"]
[Termination "jcibarra won on time"]

1. d4 d5 2. Bf4 Nf6 3. e3 e6 4.
Nf3 Bd6 5. Nbd2 O-O 6. Bd3 b6 7.
O-O c5 8. c3 Ba6 9. Bxa6 Nxa6 10. Qe2 Nc7 11. Bg5 Be7 12. Ne5 Qd6 13. Rad1 h6 14. Bh4 b5 15. f4 Nd7 16. Ne4 dxe4 17. dxc5 Qxd1 18. Rxd1 Bxh4 19. Rxd7 Nd5 20. Rxf7 1-0

[Event "*** Titled Tuesday Blitz"]
[Site "Chess.com"]
[Date "2020.12.29"]
[Round "5"]
[White "Natalya_Buksa"]
[Black "goldenpuppy"]
[Result "1-0"]
[WhiteElo "2542"]
[BlackElo "2361"]
[TimeControl "180+1"]
[EndTime "10:53:15 PST"]
[Termination "Natalya_Buksa won by resignation"]

1. d4 Nf6 2. Nc3 d5 3. Bf4 a6 4. e3 c5 5. Nf3 Nc6 6. dxc5 e6 7.
Na4 Qa5+ 8. c3 Be7 9. b4 Qd8 10. Nb6 Ra7 11. Bd3 O-O 12. O-O a5 13. a3 Nh5 14.
Bg3 Nxg3 15. hxg3 e5 16. Nxd5 Kh8 17. Nxe7 Qxe7 18. e4 Rd8 19. Qe2 Bg4 20. Bb5 axb4 21.
axb4 Rxa1 22. Rxa1 f5 23. Qe3 Bxf3 24. Qxf3 fxe4 25. Qxe4 Qf6 26. Re1 Rf8 27. f3 Re8 28. Bxc6 bxc6 29. c4 Qf8 30. Qxc6 Qe7 31. b5 Rf8 32.
Qd6 Qf7 33. Rxe5 Ra8 34. Qe6 Qf8 35. c6 Qd8 36. c7 Qf8 37. b6 1-0

[Event "*** Titled Tuesday Blitz"]
[Site "Chess.com"]
[Date "2020.12.29"]
[Round "5"]
[White "jerry_77"]
[Black "garicradomir"]
[Result "1-0"]
[WhiteElo "2499"]
[BlackElo "2290"]
[TimeControl "180+1"]
[EndTime "10:53:16 PST"]
[Termination "jerry_77 won on time"]

1. e4 c5 2. Nc3 e6 3. Nf3 Nc6 4.
d4 cxd4 5. Nxd4 Qc7 6. Be3 a6 7. Qd2 Nf6 8. f3 Bb4 9. a3 Be7 10. O-O-O b5 11. Kb1 Rb8 12. Na2 b4 13. Nxc6 Qxc6 14.
axb4 d5 15. e5 Nd7 16. f4 Nb6 17. c3 O-O 18. Bd3 Bd7 19. h4 Nc4 20. Bxc4 Qxc4 21. Qd3 Qc7 22. Rh3 Bb5 23. Qd2 a5 24. bxa5 Qxa5 25.
c4 Qxd2 26. Bxd2 Bxc4 27. Bc3 Rb3 28. Nc1 Rb7 29. h5 Rc8 30. g4 Bb3 31. Nxb3 Rxb3 32. Kc2 Rb7 33. f5 Bb4 34. fxe6 fxe6 35. g5 Kf7 36.
Rf3+ Ke8 37. g6 h6 38. Kd3 Bxc3 39.
bxc3 Rbc7 40. Kd2 Kd7 41. Ra1 Kc6 42. Ra6+ Kb5 43. Rxe6 d4 44. cxd4 Rc1 45. Rb3+ Kc4 46. Kxc1 Kxb3+ 47. Kd2 Kc4 48. Ke3 1-0

[Event "*** Titled Tuesday Blitz"]
[Site "Chess.com"]
[Date "2020.12.29"]
[Round "5"]
[White "MasterKroket"]
[Black "Anton_Zhukov04"]
[Result "0-1"]
[WhiteElo "2463"]
[BlackElo "2240"]
[TimeControl "180+1"]
[EndTime "10:53:17 PST"]
[Termination "Anton_Zhukov04 won by checkmate"]

1. d4 Nf6 2. c4 e6 3. Nf3 Bb4+ 4. Bd2 c5 5. Nc3 O-O 6. a3 Bxc3 7. Bxc3 Ne4 8. Qd3 Nxc3 9. bxc3 Qc7 10. e4 d6 11.
e5 Nc6 12. Ng5 g6 13. Qh3 h5 14. Be2 Qe7 15. f4 dxe5 16. dxe5 f6 17. exf6 Qxf6 18.
O-O e5 19. Qh4 exf4 20. Bf3 Ne7 21. Rae1 Nf5 22. Qxf4 Bd7 23. Bd5+ Kh8 24. Ne6 Bxe6 25.
Rxe6 Qxc3 26. Qg5 Qd4+ 27. Kh1 Ng3+ 28. hxg3 Rxf1+ 29. Kh2 Qg1+ 30. Kh3 Qh1# 0-1

[Event "*** Titled Tuesday Blitz"]
[Site "Chess.com"]
[Date "2020.12.29"]
[Round "5"]
[White "jacky72"]
[Black "ehrenfeld"]
[Result "1-0"]
[WhiteElo "2796"]
[BlackElo "2559"]
[TimeControl "180+1"]
[EndTime "10:53:21 PST"]
[Termination "jacky72 won on time"]

1. d4 Nf6 2. c4 e6 3. Nf3 Bb4+ 4. Bd2 a5 5. e3 d6 6. Nc3 Nbd7 7. Bd3 O-O 8. O-O e5 9. Qc2 Re8 10. e4 exd4 11. Nxd4 Ne5 12. Rfe1 h6 13. Nd5 Bc5 14. Bc3 c6 15. Nf4 Qb6 16. Nb3 a4 17. Nxc5 dxc5 18.
Bf1 Qc7 19. Nd3 Nxd3 20. Qxd3 Ng4 21. g3 Ne5 22. Qe3 Be6 23. b3 axb3 24. axb3 b6 25. h3 Nd7 26. f4 f6 27. e5 f5 28. Bg2 Nf8 29. Qf3 Bd7 30. Rad1 Rad8 31. Rd6 Ne6 32. Red1 Nd4 33. Bxd4 cxd4 34. R1xd4 c5 35. Rd1 Be6 36.
Qc6 Qxc6 37. Bxc6 Rxd6 38. Rxd6 Re7 39. Bd5 1-0

[Event "*** Titled Tuesday Blitz"]
[Site "Chess.com"]
[Date "2020.12.29"]
[Round "5"]
[White "carloseduar100"]
[Black "KarstenHansch"]
[Result "1-0"]
[WhiteElo "2123"]
[BlackElo "2455"]
[TimeControl "180+1"]
[EndTime "10:53:22 PST"]
[Termination "carloseduar100 won by resignation"]

1. d4 Nf6 2. Bg5 Ne4 3. h4 d5 4. Nd2 Nxd2 5. Qxd2 h6 6. Bf4 e6 7. Nf3 Bd6 8. Ne5 Nd7 9. e3 Nxe5 10. dxe5 Be7 11.
Bd3 c6 12. h5 Qb6 13. O-O-O Bd7 14. e4 O-O-O 15. exd5 cxd5 16. Qc3+ Qc7 17. Qxc7+ Kxc7 18. c3 Bg5 19. Bxg5 hxg5 20. g4 Kb6 21. Rdf1 Bc6 22.
Rh2 d4 23. c4 f6 24. exf6 gxf6 25. f4 e5 26. fxe5 fxe5 27. Rf6 Rdf8 28. Rhf2 Rxf6 29.
Rxf6 Kc7 30. Rf7+ Kd6 31. b4 e4 32. Rf6+ Ke7 33. Rxc6 bxc6 34. Bxe4 Kd6 35. Kd2 a5 36. a3 axb4 37. axb4 Rb8 38. Kd3 c5 39. b5 Ke5 40.
h6 Kf4 41. Bf5 Ra8 42. h7 Re8 43. b6 Rb8 44. b7 Ke5 45. Bc8 1-0

[Event "*** Titled Tuesday Blitz"]
[Site "Chess.com"]
[Date "2020.12.29"]
[Round "5"]
[White "ajdemipopushi"]
[Black "Ajedrez_con_German"]
[Result "0-1"]
[WhiteElo "2338"]
[BlackElo "2525"]
[TimeControl "180+1"]
[EndTime "10:53:22 PST"]
[Termination "Ajedrez_con_German won by resignation"]

1. Nf3 d5 2. g3 c6 3. c4 Nf6 4. Bg2 Bf5 5. cxd5 cxd5 6. Qb3 Qb6 7. Qxb6 axb6 8. Nc3 Bd7 9. d3 e6 10. O-O Be7 11. e4 dxe4 12. dxe4 Bc6 13. Nd4 Nbd7 14. Rd1 O-O 15. h3 Rfd8 16. Be3 Nc5 17. Nxc6 bxc6 18. e5 Nd5 19. Nxd5 cxd5 20. b3 Ra3 21. Bc1 Ra7 22.
Be3 Rda8 23. b4 Nd7 24. Rdc1 Bxb4 25. Rab1 Bc5 26. Bxc5 bxc5 0-1

[Event "*** Titled Tuesday Blitz"]
[Site "Chess.com"]
[Date "2020.12.29"]
[Round "5"]
[White "jocmil"]
[Black "DavidEgglestonIM"]
[Result "1-0"]
[WhiteElo "2557"]
[BlackElo "2613"]
[TimeControl "180+1"]
[EndTime "10:53:23 PST"]
[Termination "jocmil won by checkmate"]

1. d4 Nf6 2. Nf3 e6 3. Bg5 b6 4. e3 Bb7 5. Nbd2 c5 6. c3 d6 7.
Bd3 Nbd7 8. Qe2 h6 9. Bh4 Be7 10. O-O O-O 11. Rac1 Re8 12. Rfe1 a6 13. e4 Nh5 14.
Bg3 Nxg3 15. hxg3 Bf8 16. e5 cxd4 17. cxd4 dxe5 18. dxe5 b5 19. Be4 Qb6 20. Bxb7 Qxb7 21.
Ne4 Rac8 22. g4 Rxc1 23. Rxc1 Rc8 24. Rxc8 Qxc8 25. g5 hxg5 26. Nexg5 Be7 27. Kh2 Qc1 28. Qd3 Nxe5 29. Qh7+ Kf8 30. Qh8# 1-0

[Event "*** Titled Tuesday Blitz"]
[Site "Chess.com"]
[Date "2020.12.29"]
[Round "5"]
[White "MIJuanReyesRosa"]
[Black "kuban1991"]
[Result "0-1"]
[WhiteElo "2074"]
[BlackElo "2747"]
[TimeControl "180+1"]
[EndTime "10:53:23 PST"]
[Termination "kuban1991 won on time"]

1. d4 a6 2. e4 b5 3. Bd3 Bb7 4. Nf3 Nf6 5. Qe2 e6 6. O-O c5 7. c3 d5 8. Nbd2 Nc6 9. exd5 Nxd5 10. Ne4 cxd4 11. cxd4 Be7 12. a3 Nf6 13. Bg5 O-O 14.
Rad1 Rc8 15. Nc5 Nxd4 16. Nxd4 Rxc5 17. Nxe6 fxe6 18. Bxh7+ Kxh7 19. Rxd8 Rxg5 20. Qc2+ Be4 21. Rxf8 Bxc2 22. Rf7 Be4 23. f3 Bc5+ 24. Kh1 Bg6 25.
Rc7 Bd4 0-1

[Event "*** Titled Tuesday Blitz"]
[Site "Chess.com"]
[Date "2020.12.29"]
[Round "5"]
[White "GameOverBro"]
[Black "CraiggoryC"]
[Result "1-0"]
[WhiteElo "2460"]
[BlackElo "2202"]
[TimeControl "180+1"]
[EndTime "10:53:24 PST"]
[Termination "GameOverBro won on time"]

1. e4 e6 2. d4 d5 3. Nd2 Be7 4. Ngf3 Nf6 5. e5 Nfd7 6. c3 c5 7. Bd3 Nc6 8. O-O a5 9. Re1 cxd4 10. cxd4 Qb6 11. a3 Nxd4 12. Nxd4 Qxd4 13. Nf3 Qb6 14.
Qa4 O-O 15. Qg4 Re8 16. Ng5 Nf8 17. Qh5 g6 18. Qh6 Bd7 19. Re3 Bxg5 20. Qxg5 Rac8 21. Rh3 Bb5 22. Bxb5 Qxb5 23. Qh6 Qe2 24. Bg5 Qxe5 25. Qh4 Qxb2 26. Rf1 Rc2 27. Bf6 Qxa3 28. Qh6 1-0

[Event "*** Titled Tuesday Blitz"]
[Site "Chess.com"]
[Date "2020.12.29"]
[Round "5"]
[White "Chessmatus"]
[Black "Efremov_Vlad"]
[Result "1-0"]
[WhiteElo "2447"]
[BlackElo "2261"]
[TimeControl "180+1"]
[EndTime "10:53:27 PST"]
[Termination "Chessmatus won by resignation"]

1. e4 c5 2. Nf3 Nf6 3. e5 Nd5 4.
Nc3 Nxc3 5. dxc3 e6 6. Bc4 Nc6 7. O-O Qc7 8. Re1 a6 9. a4 h6 10. Bf4 b6 11. Bf1 Bb7 12. Nd2 O-O-O 13. Nc4 f6 14.
Nd6+ Bxd6 15. exd6 Qb8 16. Bc4 g5 17. Bg3 e5 18. b4 h5 19. f3 cxb4 20. cxb4 Nd4 21. c3 Nf5 22. Bf2 Qxd6 23. Qe2 e4 24. Bxa6 exf3 25. Bxb7+ Kxb7 26. Qxf3+ Qc6 27. Qxf5 h4 28. Qe4 Rhe8 29. Qxc6+ dxc6 30. Rxe8 Rxe8 31. Re1 Rxe1+ 32. Bxe1 f5 33. Kf2 c5 34. Ke3 1-0

[Event "*** Titled Tuesday Blitz"]
[Site "Chess.com"]
[Date "2020.12.29"]
[Round "5"]
[White "MillyNeuf"]
[Black "RamyresCoelho"]
[Result "1-0"]
[WhiteElo "2331"]
[BlackElo "2094"]
[TimeControl "180+1"]
[EndTime "10:53:27 PST"]
[Termination "MillyNeuf won by resignation"]

1. e4 c5 2. Nc3 Nc6 3. g3 Nf6 4. Bg2 d6 5. d3 Bd7 6. f4 Qc8 7. Nf3 g6 8. O-O Bg7 9. Ne2 Bh3 10. c3 Bxg2 11. Kxg2 O-O 12. h3 e5 13. Be3 b6 14.
Nh2 Nd7 15. f5 f6 16. g4 g5 17. Nf3 Kf7 18. Ng3 Ke7 19. Nh5 Rf7 20. Bxg5 fxg5 21.
Nxg5 Nf6 22. Nxf7 Kxf7 23. Nxg7 Kxg7 24. g5 Ng8 25. Qh5 Qe8 26. f6+ Kh8 27. f7 Qe7 28. g6 h6 29. fxg8=Q+ Kxg8 30. Qxh6 Nd8 31. Rf7 Nxf7 32. Qh7+ Kf8 33. g7+ Ke8 34. g8=Q+ Kd7 35. Qgxf7 1-0

[Event "*** Titled Tuesday Blitz"]
[Site "Chess.com"]
[Date "2020.12.29"]
[Round "5"]
[White "Gulkov_Igor"]
[Black "Skat2704"]
[Result "1-0"]
[WhiteElo "2546"]
[BlackElo "2371"]
[TimeControl "180+1"]
[EndTime "10:53:28 PST"]
[Termination "Gulkov_Igor won by resignation"]

1. Nf3 d5 2. d4 Nf6 3. c4 e6 4. Nc3 Bb4 5. Bg5 h6 6. Bxf6 Qxf6 7. e3 O-O 8. Bd3 c5 9. cxd5 exd5 10. O-O Bxc3 11. bxc3 c4 12. Bc2 Bf5 13. Bxf5 Qxf5 14. Qb1 Qxb1 15. Rfxb1 b6 16. a4 Nc6 17. Rb5 Rfd8 18.
Ne5 Na5 19. f3 f5 20. Kf2 Rd6 21. h4 Nb3 22. Rg1 a6 23. Rb4 Rf8 24. g4 fxg4 25. Rxg4 Rff6 26. Ke2 Kh7 27. e4 dxe4 28. Rxe4 Nc1+ 29.
Ke3 Nd3 30. Rxc4 Nf4 31. Rxf4 1-0

[Event "*** Titled Tuesday Blitz"]
[Site "Chess.com"]
[Date "2020.12.29"]
[Round "5"]
[White "olksuna"]
[Black "Makswolf200817"]
[Result "1-0"]
[WhiteElo "2637"]
[BlackElo "2425"]
[TimeControl "180+1"]
[EndTime "10:53:29 PST"]
[Termination "olksuna won by checkmate"]

1. e4 e6 2. b3 d5 3. Bb2 dxe4 4. Nc3 Nf6 5. Qe2 Be7 6. g4 h6 7. O-O-O b6 8. Bg2 Bb7 9. h4 Nd5 10. Bxe4 Nd7 11. Nxd5 exd5 12. Bd3 Nf6 13. Bxf6 gxf6 14. Nf3 Qd6 15. Rhe1 Qb4 16. Nd4 O-O-O 17. Qxe7 Qxd4 18.
Kb1 Kb8 19. Bf5 Qxf2 20. Qxf6 d4 21. Re7 Bf3 22. Qe5 Rd6 23. Qxh8+ Kb7 24. Qc8+ Kc6 25.
Qxc7+ Kd5 26. Qc4# 1-0

[Event "*** Titled Tuesday Blitz"]
[Site "Chess.com"]
[Date "2020.12.29"]
[Round "5"]
[White "vugarrasulov"]
[Black "chess94cu"]
[Result "1-0"]
[WhiteElo "2788"]
[BlackElo "2589"]
[TimeControl "180+1"]
[EndTime "10:53:30 PST"]
[Termination "vugarrasulov won on time"]

1. d4 Nf6 2. c4 e6 3. Nf3 d5 4. g3 Be7 5. Bg2 O-O 6. O-O dxc4 7.
Qc2 a6 8. a4 Bd7 9. Qxc4 Bc6 10. Bf4 a5 11. Nc3 Na6 12. Ne5 Bxg2 13. Kxg2 Nb4 14. e4 c6 15. Rad1 Rc8 16. Qb3 Nd7 17. Nc4 Nf6 18. Rfe1 Nh5 19. Be3 Kh8 20. f3 Nf6 21. Rd2 Ra8 22. Red1 Ne8 23. d5 exd5 24. exd5 cxd5 25. Nxd5 Nxd5 26. Rxd5 Qc8 27. Nb6 Qb8 28. Nxa8 Qxa8 29. Rd7 Bb4 30. Rxf7 Rg8 31. Qe6 Nf6 32. Rxf6 gxf6 33. Qxf6+ Rg7 34. Rd8+ 1-0

[Event "*** Titled Tuesday Blitz"]
[Site "Chess.com"]
[Date "2020.12.29"]
[Round "5"]
[White "tsaruk_maks"]
[Black "Semen_Khanin"]
[Result "0-1"]
[WhiteElo "2593"]
[BlackElo "2800"]
[TimeControl "180+1"]
[EndTime "10:53:31 PST"]
[Termination "Semen_Khanin won by resignation"]

1. e4 e5 2. Nf3 Nc6 3. Bb5 a6 4. Ba4 b5 5. Bb3 g6 6. O-O Bg7 7. c3 Nge7 8. d4 exd4 9. cxd4 d6 10. h3 O-O 11. Nc3 Bb7 12. Bf4 Na5 13. Bc2 c5 14. b3 Nac6 15. Ne2 Qb6 16. Bxd6 cxd4 17. b4 Rad8 18. Bc5 Qc7 19. Bd3 a5 20. a3 Rfe8 21. Rc1 axb4 22. axb4 Ne5 23. Nxe5 Qxe5 24. Bxb5 Qxe4 25.
f3 Qe3+ 26. Kh1 Nf5 27. Re1 Bxf3 28. Nxd4 Bxg2+ 29. Kxg2 Qg3+ 30. Kf1 Qxh3+ 31. Kf2 Qh2+ 0-1

[Event "*** Titled Tuesday Blitz"]
[Site "Chess.com"]
[Date "2020.12.29"]
[Round "5"]
[White "Roza_Idrisova"]
[Black "KubaGepard"]
[Result "0-1"]
[WhiteElo "2161"]
[BlackElo "2290"]
[TimeControl "180+1"]
[EndTime "10:53:31 PST"]
[Termination "KubaGepard won by resignation"]

1. d4 d5 2. Nf3 Nf6 3. Bg5 Nbd7 4. e3 c6 5. Nbd2 b5 6. Bd3 e6 7. a4 b4 8. O-O Be7 9. c4 Ba6 10. Qe2 h6 11. Bh4 O-O 12. b3 Re8 13. e4 Nxe4 14. Bxe7 Qxe7 15. Nxe4 dxe4 16. Qxe4 Nf6 17. Qh4 c5 18.
Rad1 Bb7 19. Rfe1 Bxf3 20. gxf3 cxd4 21. Qxd4 Red8 22. Qe5 Rac8 23. Bc2 Nd7 24. Qe4 Qg5+ 25. Kh1 Nf6 26. Qe3 Nh5 27. Qe4 g6 28. Rg1 Qf6 29. Qg4 Nf4 30. Be4 h5 31. Qg3 Ne2 32. Rxd8+ Rxd8 33. Qc7 Nxg1 34. Kxg1 Qg5+ 0-1

[Event "*** Titled Tuesday Blitz"]
[Site "Chess.com"]
[Date "2020.12.29"]
[Round "5"]
[White "Witik"]
[Black "AttilaTurzo"]
[Result "1-0"]
[WhiteElo "2719"]
[BlackElo "2493"]
[TimeControl "180+1"]
[EndTime "10:53:34 PST"]
[Termination "Witik won by resignation"]

1. d4 d5 2. Bf4 c6 3. e3 Qb6 4.
Qc1 Bf5 5. c4 e6 6. Nc3 Nf6 7.
Nf3 Be7 8. c5 Qd8 9. Nh4 b6 10.
Nxf5 exf5 11. b4 a5 12. b5 bxc5 13. bxc6 Nxc6 14. Bb5 Rc8 15. dxc5 Bxc5 16. O-O O-O 17.
Ba6 Nb4 18. Bxc8 Qxc8 19. Qd2 Rd8 20. Rac1 Qa6 21. Qe2 Qa7 22. Nb5 Qb6 23. Bc7 1-0

[Event "*** Titled Tuesday Blitz"]
[Site "Chess.com"]
[Date "2020.12.29"]
[Round "5"]
[White "yobdc"]
[Black "Gerryisplaying"]
[Result "0-1"]
[WhiteElo "2441"]
[BlackElo "2310"]
[TimeControl "180+1"]
[EndTime "10:53:35 PST"]
[Termination "Gerryisplaying won by checkmate"]

1. e4 d5 2. exd5 Qxd5 3. Nc3 Qa5 4. Bc4 Nf6 5. Nge2 a6 6. d3 b5 7. Bb3 e6 8. O-O Bb7 9. Ng3 Be7 10. Nce4 Nbd7 11. Re1 O-O 12. Ng5 Nd5 13. Qh5 Qxe1+ 14. Nf1 Bxg5 15. Qxg5 Qe5 16. Qh4 N7f6 17. Bd2 Qh5 18.
Qg3 Qg4 19. Re1 Qxg3 20. Nxg3 c5 21. c3 Rfd8 22. Bc2 Ne7 23. Bg5 h6 24. Bxf6 gxf6 25. Nh5 Nd5 26. Re4 f5 27. Rh4 Kh7 28. Kf1 Kg6 29. h3 e5 30. Ng3 Ne7 31. f4 f6 32.
Kf2 Rg8 33. Bd1 Kh7 34. Rh5 Rad8 35. Be2 c4 36. dxc4 Rd2 37. Ke3 Rxb2 38. Nxf5 Nxf5+ 39. Rxf5 Rxg2 40. Bd3 Rg3# 0-1

[Event "*** Titled Tuesday Blitz"]
[Site "Chess.com"]
[Date "2020.12.29"]
[Round "5"]
[White "FontVella8"]
[Black "Hikaru"]
[Result "0-1"]
[WhiteElo "2521"]
[BlackElo "3242"]
[TimeControl "180+1"]
[EndTime "10:53:36 PST"]
[Termination "Hikaru won by resignation"]

1. e4 g6 2. d4 Bg7 3. Nc3 c6 4. Be3 d5 5. Qd2 dxe4 6. Nxe4 Nf6 7. Nxf6+ exf6 8. h4 h5 9. Bc4 Nd7 10. Nf3 b5 11. Bb3 Nb6 12. d5 Nxd5 13. Bxd5 Qxd5 14. Qxd5 cxd5 15. O-O-O Be6 16. Nd4 a6 17. Nc6 a5 18.
Nd4 b4 19. f4 O-O 20. f5 Bd7 21. Rhf1 Rfe8 22. Bf4 Re4 23. g3 a4 24. Bd6 Bh6+ 25.
Kb1 Be3 26. Bc5 Bxf5 27. Nxf5 Bxc5 28. Rxd5 Rae8 29. c3 b3 30. axb3 axb3 31. Kc1 R4e5 32. Rxe5 fxe5 33. Nh6+ Kg7 34. Nxf7 Rf8 35. Re1 Rxf7 36.
Rxe5 Bd6 37. Re3 Rf1+ 38. Kd2 Rf2+ 39. Kd3 Rxb2 40. c4 Rg2 41. Re6 b2 0-1

[Event "*** Titled Tuesday Blitz"]
[Site "Chess.com"]
[Date "2020.12.29"]
[Round "5"]
[White "Skatchkov_V"]
[Black "Blitzstream"]
[Result "1-0"]
[WhiteElo "2523"]
[BlackElo "2704"]
[TimeControl "180+1"]
[EndTime "10:53:36 PST"]
[Termination "Skatchkov_V won on time"]

1. d4 d5 2. c4 c6 3. Nf3 Nf6 4. Nc3 Bf5 5. cxd5 Nxd5 6. g3 g6 7. Bg2 Bg7 8. O-O O-O 9. Re1 Nxc3 10.
bxc3 Be4 11. Qb3 Qb6 12. Ba3 Re8 13. Bc5 Qxb3 14. axb3 a6 15. Bh3 e6 16. Nd2 Bf5 17.
g4 Bh6 18. Ra2 b6 19. Ba3 Bxd2 20. Rxd2 Be4 21. f3 Bd5 22. c4 Nd7 23. cxd5 exd5 24. g5 Nf8 25. Rc1 Ne6 26. Rxc6 Nxg5 27. Bd7 Re3 28.
Rxb6 h5 29. h4 Nh7 30. Bd6 a5 31. Bf4 Re7 32. Bc6 Rae8 33. e3 Rd8 34. Rb5 f6 35.
Bxd5+ Kg7 36. Rxa5 g5 37. Bg3 Rxe3 38. Ra7+ Kh6 39.
Be4 Nf8 40. hxg5+ fxg5 41. Be5 Rd7 42. Ra8 Rf7 43. Ra6+ 1-0

[Event "*** Titled Tuesday Blitz"]
[Site "Chess.com"]
[Date "2020.12.29"]
[Round "5"]
[White "Siniauski"]
[Black "Tssunami"]
[Result "1-0"]
[WhiteElo "2581"]
[BlackElo "2305"]
[TimeControl "180+1"]
[EndTime "10:53:36 PST"]
[Termination "Siniauski won by resignation"]

1. e4 c5 2. Nf3 d6 3. Bb5+ Nd7 4. d4 a6 5. Bxd7+ Bxd7 6. c4 cxd4 7. Qxd4 Nf6 8. Bg5 e5 9. Qd3 Be7 10. Nc3 O-O 11. O-O Be6 12. Rfd1 Rc8 13. b3 Qc7 14. Bxf6 gxf6 15. a4 Rfd8 16. Nd5 Bxd5 17. Qxd5 Qc6 18. Qd3 Kh8 19. Nh4 Rg8 20. Nf5 Bf8 21. Qf3 Rg6 22.
Rd5 b5 23. axb5 axb5 24. Rxb5 Bh6 25. Rd1 Rcg8 26. g3 Bf8 27. Rbd5 Qb7 28. Nxd6 Bxd6 29. Rxd6 f5 30. Qxf5 Qxb3 31. Qxe5+ f6 32. Qd4 Qc2 33. Rxf6 Qxd1+ 34. Qxd1 Rxf6 35. Qd4 Rf8 36. c5 Kg8 37. c6 Rc8 38. Qxf6 Rc7 39. Qd8+ 1-0

[Event "*** Titled Tuesday Blitz"]
[Site "Chess.com"]
[Date "2020.12.29"]
[Round "5"]
[White "bogcsab"]
[Black "guillembaches"]
[Result "0-1"]
[WhiteElo "2044"]
[BlackElo "2467"]
[TimeControl "180+1"]
[EndTime "10:53:39 PST"]
[Termination "guillembaches won on time"]

1. d4 Nf6 2. c4 e6 3. Nf3 d5 4.
g3 dxc4 5. Qa4+ Nbd7 6. Qxc4 a6 7. Bg2 b5 8. Qc2 Bb7 9. O-O c5 10. Be3 Rc8 11. dxc5 Bxc5 12. Bxc5 Rxc5 13. Qd3 O-O 14. Nc3 Qa8 15. Rfd1 Rfc8 16. Ne1 Bxg2 17. Nxg2 Ne5 18.
Qd4 h6 19. Ne3 Nc4 20. Nxc4 Rxc4 21. Qe5 b4 22. Na4 Re4 23. Qd6 Rxe2 24. Nb6 Qf3 25.
Rd2 Qxf2+ 0-1